 Dungeon Crawl Stone Soup version 0.26.0-18-gc5c842f807 (webtiles) character file.

Game seed: 18077508813241610989

86 thiole the Sneak (level 4, -3/27 HPs)
             Began as an Octopode Hedge Wizard on Jan 23, 2021.
             Slain by an orc wizard
             ... wielding a +0 dagger
              (5 damage)
             ... on level 2 of the Dungeon.
             The game lasted 00:02:19 (1964 turns).

thiole the Sneak (Octopode Hedge Wizard)            Turns: 1964, Time: 00:02:19

Health: -3/27      AC:  1    Str:  9    XL:     4   Next: 49%
Magic:  5/9        EV: 13    Int: 17    God:
Gold:   60         SH:  0    Dex: 11    Spells: 4/9 levels left

rFire    . . .     SeeInvis .   a - +0 dagger
rCold    . . .     Faith    .   (no shield)
rNeg     . . .     Spirit   .   b - +0 hat
rPois    .         Reflect  .   (no amulet)
rElec    .         Harm     .   (no ring)
rCorr    .         Rampage  .   (no ring)
Will     .....                  (no ring)
Stlth    +++.......             (no ring)
HPRegen  0.09/turn              (no ring)
MPRegen  0.11/turn              (no ring)
                                (no ring)
                                (no ring)

@: slowed, very slow
A: almost no armour, stealthy swim, amphibious, 8 rings, constrict 8, camouflage
1, gelatinous body 1
a: no special abilities


You were on level 2 of the Dungeon.
You visited 1 branch of the dungeon, and saw 2 of its levels.

You collected 60 gold pieces.

Inventory:

Hand Weapons
 a - a +0 dagger (weapon)
 j - a +5 dagger
Armour
 b - a +0 hat (worn)
Scrolls
 c - a scroll of remove curse {unknown}
 e - a scroll of fear {unknown}
 f - a scroll of magic mapping {unknown}
 g - a scroll of blinking {unknown}
 h - a scroll of identify {unknown}
Potions
 i - a potion of brilliance {unknown}


   Skills:
 - Level 2.0 Dodging
 + Level 3.7 Stealth
 + Level 3.4 Spellcasting
 * Level 2.7 Conjurations
 - Level 2.0 Summonings
 - Level 1.0 Translocations


You had 4 spell levels left.
You knew the following spells:

 Your Spells              Type           Power        Failure   Level
a - Magic Dart            Conj           48%          5%          1
b - Call Imp              Summ           9%           11%         2
c - Blink                 Tloc           N/A          17%         2

Your spell library contained the following spells:

 Spells                   Type           Power        Failure   Level
 Slow                     Hex            2%           26%         2
 Conjure Flame            Conj/Fire      7%           28%         3
 Mephitic Cloud           Conj/Pois/Air  6%           34%         3


Dungeon Overview and Level Annotations

Branches:
Dungeon (2/15)

Altars:


Innate Abilities, Weirdness & Mutations

You cannot wear most types of armour.
You are very stealthy in the water. (Stealth+)
You are amphibious.
You can wear up to eight rings at the same time.
You can use your tentacles to constrict eight enemies at once.
Your skin changes colour to match your surroundings (Stealth+).
Your rubbery body absorbs attacks. (AC +1, EV +1)


Message History

Okay, then.
Casting: Magic Dart (safe; 5% risk of failure)
Confirm with . or Enter, or press ? or * to list all spells.
Aiming: Magic Dart (safe; 5% risk of failure)
Press: ? - help, Shift-Dir - straight line, f - orc wizard
Aim: an orc wizard, wielding a +0 dagger and wearing a +0 robe (severely wounded, fast, 0% to evade)
The magic dart hits the orc wizard.
The orc wizard is almost dead.
The orc wizard hits you but does no damage.
The orc wizard hits you with a +0 dagger.
* * * LOW HITPOINT WARNING * * *
Casting: Magic Dart (safe; 5% risk of failure)
Confirm with . or Enter, or press ? or * to list all spells.
Aiming: Magic Dart (safe; 5% risk of failure)
Press: ? - help, Shift-Dir - straight line, f/p - orc wizard
Aim: an orc wizard, wielding a +0 dagger and wearing a +0 robe (almost dead, fast, 0% to evade)
The magic dart hits the orc wizard but does no damage.
The orc wizard is almost dead.
The orc wizard hits you with a +0 dagger.
You die...

... #.. .... ..
...o #.# .. .##..
#o#.... #.##..#
#.##..## #o##!..#
#..@.#.# #.
###)o###.##?...
##[............#
#....####.##.[
#.#..# .... ####
#..#..# ##..# #...
... #..###...###.#
#... #####..##..#
..#.# #...
#...........###>#.#
#...


You could see an orc wizard (fast) and an orc.

Vanquished Creatures
  An orc wizard (D:2)
  2 gnolls (D:2)
  3 dart slugs
  A leopard gecko (D:1)
  A giant cockroach (D:1)
  5 hobgoblins
  A quokka (D:2)
  A ball python (D:1)
  5 bats
  A frilled lizard (D:1)
  5 kobolds (D:1)
  4 rats
30 creatures vanquished.

Vanquished Creatures (collateral kills)
  A gnoll (D:2)
1 creature vanquished.

Grand Total: 31 creatures vanquished

Notes
Turn   | Place    | Note
-------+----------+-------------------------------------------
     0 | D:1      | thiole the Octopode Hedge Wizard began the quest for the
                  | Orb.
     0 | D:1      | Reached XP level 1. HP: 11/11 MP: 4/4
   381 | D:1      | Reached XP level 2. HP: 17/17 MP: 1/6
  1525 | D:1      | Learned a level 2 spell: Call Imp
  1528 | D:1      | Learned a level 2 spell: Blink
  1535 | D:2      | Reached XP level 3. HP: 16/21 MP: 7/7
  1819 | D:2      | HP: 1/21 [gnoll/+0 club (7)]
  1829 | D:2      | HP: 1/21 [gnoll/cursed +0 club (8)]
  1835 | D:2      | Reached XP level 4. HP: 27/27 MP: 3/8
  1964 | D:2      | Slain by an orc wizard

Illustrated notes

Levels and vault maps discovered:
D:1:      minmay_arrival_arboretum_large, layout_basic
D:2:      layout_rooms

Skill      XL: |  1  2  3 |
---------------+----------+-----
Stealth        | 3 |  3.7
Conjurations   | 2 |  2.7
Summonings     | 2 |  2.0
Dodging        | |  2.0
Spellcasting   | |  3.4
Translocations | |  1.0

Action                   |  1- 3 |  4- 6 || total
-------------------------+-------+-------++-------
Melee: Dagger            |    43 |    12 ||    55
       Tentacles         |    11 |     3 ||    14
       Constrict         |    15 |     2 ||    17
 Cast: Magic Dart        |    39 |     6 ||    45
       Call Imp          |     2 |     1 ||     3
  Use: Potion            |     5 |     1 ||     6
Armor: Skin              |     9 |       ||     9
Dodge: Dodged            |    57 |    12 ||    69
